 Dungeon Crawl Stone Soup version 0.23-a0-241-g3b46b07 (webtiles) character file.

837 MisterFreud the Spear-Bearer (level 7, -4/57 HPs)
             Began as a Minotaur Fighter on Sept 26, 2018.
             Slain by an ogre
             ... wielding a +0 giant club
              (22 damage)
             ... on level 5 of the Dungeon.
             The game lasted 00:08:30 (3549 turns).

MisterFreud the Spear-Bearer (Minotaur Fighter)     Turns: 3549, Time: 00:08:30

Health: -4/57      AC:  6    Str: 22    XL:     7   Next: 66%
Magic:  6/6        EV:  8    Int:  5    God:
Gold:   533        SH: 11    Dex: 10    Spells: 6/6 levels left

rFire    + . .     SeeInvis .   a - +1 trident
rCold    . . .     Gourm    .   c - +1 shield
rNeg     . . .     Faith    .   u - +0 scale mail
rPois    .         Spirit   .   (helmet restricted)
rElec    .         Reflect  .   y - scarf {repulsion}
rCorr    .         Harm     .   (no gloves)
MR       +....                  (no boots)
Stlth    ..........             (no amulet)
HPRegen  0.19/turn              A - ring of protection from fire
MPRegen  0.10/turn              d - ring of protection from magic

@: repel missiles
A: retaliatory headbutt, horns 2
a: no special abilities


You were on level 5 of the Dungeon.
You were not hungry.

You visited 2 branches of the dungeon, and saw 6 of its levels.
You also visited: Ossuary.

You collected 533 gold pieces.

Inventory:

Hand Weapons
 a - a +1 trident (weapon)
 b - a +0 hunting sling
Missiles
 e - 74 stones (quivered)
 m - 66 bolts
 p - 58 sling bullets
Armour
 c - a +1 shield (worn)
 l - a +0 cloak
 u - a +0 scale mail (worn)
 y - a scarf of repulsion (worn)
Jewellery
 d - a ring of protection from magic (right hand)
 t - an uncursed ring of resist corrosion
 z - an uncursed ring of see invisible
 A - a ring of protection from fire (left hand)
Wands
 C - a wand of enslavement (14)
Scrolls
 h - 6 scrolls of identify
 i - 3 scrolls of blinking
 r - a scroll of enchant armour
 s - a scroll of enchant weapon
 v - 2 scrolls of remove curse
 w - a scroll of fear
Potions
 g - 2 potions of curing
 k - a potion of cancellation {unknown}
 n - 3 potions of degeneration {unknown}
 q - 2 potions of berserk rage {unknown}
 x - 2 potions of heal wounds {unknown}
Comestibles
 f - 9 rations
 j - 5 chunks of flesh


   Skills:
 - Level 3.6 Fighting
 + Level 9.5 Polearms
 - Level 3.6 Armour
 - Level 6.0 Shields


You had 6 spell levels left.
You didn't know any spells.
Your spell library contained the following spells:

 Spells                   Type           Power        Failure   Level  Hunger
 Confusing Touch          Hex            #.....       99%         1    ##.....
 Confuse                  Hex            #.......     100%        3    ####...
 Gell's Gravitas          Tloc           #.........   100%        3    ####...
 Petrify                  Tmut/Erth      #.......     100%        4    #####..
 Metabolic Englaciation   Hex/Ice        #.........   100%        5    ######.
 Yara's Violent Unravell  Hex/Tmut       #.........   100%        5    ######.


Dungeon Overview and Level Annotations

Branches:
Dungeon (5/15)             Temple (1/1) D:4

Altars:
Ashenzari
Cheibriados
Dithmenos
Elyvilon
Fedhas
Gozag
Hepliaklqana
Kikubaaqudgha
Nemelex Xobeh
Sif Muna
Uskayaw
Vehumet
Wu Jian

Annotations:
D:5 Edmund, Menkaure


Innate Abilities, Weirdness & Mutations

You reflexively headbutt those who attack you in melee.
You have a pair of horns on your head.


Message History

Ijyb is severely wounded.
Ijyb completely misses you. You furiously retaliate!
You headbutt Ijyb, but do no damage. You hit Ijyb.
Ijyb is almost dead.
Ijyb hits you but does no damage.
You puncture Ijyb!
You kill Ijyb!
An iguana comes into view.
You hit the ogre but do no damage. The ogre hits you with a giant club!!
* * * LOW HITPOINT WARNING * * *
You hit the ogre. You headbutt the ogre.
The ogre is moderately wounded.
You puncture the ogre! Your headbutt misses the ogre.
The ogre is heavily wounded.
The ogre barely misses you.
You puncture the ogre! You headbutt the ogre.
The ogre is almost dead.
The ogre hits you with a giant club!!
You die...

....#....# ... #.##.#
... #<.# #># #.# ####
#.# #.# #.# ######.####
#.# #.........## #.#
#.####.#...# #.# #@#
#.#...####.##
.######O####.#...#.....#
.......[...............#
.......)######...#......
........#....#...#......
........#..###.###......
........#....).###......
##
l##.....#..###..........
. #.##..#....#..##......


You could see an ogre.

Vanquished Creatures
  An ice beast (D:5)
  2 ogres
  A scorpion (D:4)
  A crimson imp (D:5)
  2 centaur zombies (Ossuary)
  2 orc priests
  A hound (D:5)
  An orc wizard (D:4)
  An iguana (D:3)
  Ijyb (D:5)
  Terence (D:2)
  2 worker ants (D:4)
  2 big kobold zombies (Ossuary)
  2 mummies (Ossuary)
  3 adders
  A shadow imp (D:2)
  An ooze (D:1)
  2 dart slugs
  3 leopard geckos
  14 orcs
  9 bats
  3 giant cockroaches
  6 goblins
  10 hobgoblins
  A quokka (D:5)
  A ball python (D:1)
  3 frilled lizards (D:1)
  A gnoll zombie (Ossuary)
  4 goblin zombies (Ossuary)
  3 hobgoblin zombies (Ossuary)
  6 kobolds
  2 orc zombies (Ossuary)
  2 quokka zombies (D:5)
  10 rats
105 creatures vanquished.

Notes
Turn   | Place    | Note
-------+----------+-------------------------------------------
     0 | D:1      | MisterFreud the Minotaur Fighter began the quest for the
                  | Orb.
     0 | D:1      | Reached XP level 1. HP: 19/19 MP: 0/0
    32 | D:1      | Reached skill level 3 in Polearms
    58 | D:1      | Reached XP level 2. HP: 26/26 MP: 1/1
   153 | D:1      | Reached skill level 4 in Polearms
   284 | D:1      | Reached XP level 3. HP: 31/31 MP: 2/2
   526 | D:2      | Noticed Terence
   533 | D:2      | Killed Terence
   533 | D:2      | Reached skill level 5 in Polearms
   533 | D:2      | Reached XP level 4. HP: 26/39 MP: 3/3
  1102 | D:3      | Reached skill level 6 in Polearms
  1106 | D:3      | Reached XP level 5. HP: 24/45 MP: 4/4
  1782 | D:4      | Reached skill level 7 in Polearms
  1833 | D:4      | Noticed an ogre
  2122 | D:4      | Reached XP level 6. HP: 50/51 MP: 5/5
  2179 | D:4      | Reached skill level 8 in Polearms
  2209 | D:4      | Found a staircase to the Ecumenical Temple.
  2394 | Temple   | Entered the Ecumenical Temple
  2895 | D:5      | Entered Level 5 of the Dungeon
  2900 | D:5      | Noticed Edmund
  2902 | D:5      | Noticed Menkaure
  2952 | D:5      | Reached skill level 5 in Shields
  2998 | D:5      | Noticed an ice beast
  3269 | D:5      | Found a sand-covered staircase.
  3276 | Ossuary  | Entered an ossuary
  3344 | Ossuary  | Reached XP level 7. HP: 49/57 MP: 6/6
  3509 | D:5      | Reached skill level 9 in Polearms
  3531 | D:5      | Noticed Ijyb
  3543 | D:5      | Killed Ijyb
  3549 | D:5      | Slain by an ogre

Vault maps used:
D:1:      scummos_arrival_simple_fountains, st_stairs_13, minmay_heptomino_l4
D:2:      first_ration, uniq_terence
D:4:      minmay_temple_entry_glass
D:5:      kennysheep_kobold_camp, enter_ossuary_4, uniq_menkaure, uniq_ijyb,
          uniq_edmund
Temple:   nicolae_temple_figure_eight
Ossuary:  minmay_ossuary_gauntlet

Skill      XL: |  1  2  3  4  5  6  7 |
---------------+----------------------+-----
Polearms       | 3 4 5 6 7 8 9 |  9.5
Shields        | 5 6 |  6.0
Fighting       | |  3.6
Armour         | |  3.6

Action                   |  1- 3 |  4- 6 |  7- 9 || total
-------------------------+-------+-------+-------++-------
Melee: Trident           |    90 |   168 |    66 ||   324
       Headbutt          |     9 |    28 |    12 ||    49
  Use: Potion            |     1 |       |       ||     1
       Scroll            |       |    11 |       ||    11
  Eat: Chunk             |       |     7 |     2 ||     9
Armor: Scale mail        |    28 |    34 |    12 ||    74
Dodge: Dodged            |    19 |    29 |     9 ||    57
Block: Shield            |    31 |    66 |    14 ||   111

Table legend:
 A = Non-vault XP
 B = Vault XP
 C = Vault XP percentage of total XP
 D = Non-vault monster count
 E = Vault monster count
 F = Vault count percentage of total count
                 A         B        C        D         E       F
            +---------+---------+-------+---------+---------+-------
      Total |     938 |     259 |  21.6 |      80 |      25 |  23.8
            +---------+---------+-------+---------+---------+-------
        D:1 |      46 |       6 |  11.5 |      27 |       5 |  15.6
        D:2 |      49 |      36 |  42.4 |      15 |       1 |   6.2
        D:3 |     111 |       0 |   0.0 |      15 |       0 |   0.0
        D:4 |     338 |       0 |   0.0 |      13 |       0 |   0.0
        D:5 |     394 |      38 |   8.8 |      10 |       3 |  23.1
    Ossuary |       0 |     179 | 100.0 |       0 |      16 | 100.0
            +---------+---------+-------+---------+---------+-------
